 Dungeon Crawl Stone Soup version 0.30.1-4-g462c640d31 (webtiles) character file.

Game seed: 17440868306412341957

651 Peloso the Shield-Bearer (level 7, 0/60 HPs)
             Began as a Minotaur Fighter on Aug 13, 2023.
             Was an Initiate of Okawaru.
             Splashed by a jelly's acid (6 damage)
             ... on level 5 of the Dungeon.
             The game lasted 00:06:03 (3669 turns).

Peloso the Shield-Bearer (Minotaur Fighter)         Turns: 3669, Time: 00:06:04

Health: 0/60       AC: -3    Str: 20    XL:     7   Next: 28%
Magic:  6/6        EV:  6    Int:  5    God:    Okawaru [......]
Gold:   170        SH:  5    Dex: 12    Spells: 6/6 levels left

rFire   . . .        a - +0 long sword
rCold   . . .        d - +0 buckler
rNeg    . . .        l - +0 plate armour
rPois   .            (helmet restricted)
rElec   .            (no cloak)
rCorr   .            (no gloves)
SInv    .            (no boots)
Will    .....        (no amulet) Stlth
                     (no ring)
HPRegen 0.30/turn    (no ring)
MPRegen 0.10/turn

%: no passive effects
@: corroded
A: horns 2, retaliatory headbutt
a: Renounce Religion


You were on level 5 of the Dungeon.
You worshipped Okawaru.
Okawaru was noncommittal.
You visited 1 branch of the dungeon, and saw 5 of its levels.

You collected 193 gold pieces.
You spent 23 gold pieces at shops.

Inventory:

Hand Weapons
 a - a +0 long sword (weapon)
Missiles
 q - a throwing net (quivered)
Armour
 b - a +0 scale mail
 c - a +0 chain mail
 d - a +0 buckler (worn)
 l - a +0 plate armour (worn)
Jewellery
 v - a ring of protection from cold
Wands
 n - a wand of digging (8)
 r - a wand of acid (9)
 t - a wand of iceblast (5)
Scrolls
 g - 4 scrolls of teleportation
 h - 3 scrolls of immolation
 i - 2 scrolls of enchant weapon {unknown}
 m - 2 scrolls of poison {unknown}
 o - a scroll of magic mapping {unknown}
 p - 2 scrolls of fog {unknown}
Potions
 e - a potion of might
 f - 2 potions of flight
 j - a potion of experience
 k - a potion of attraction
 u - a potion of lignification


   Skills:
 + Level 4.9 Fighting
 + Level 5.9 Long Blades
 + Level 5.4 Armour
 + Level 1.1 Dodging
 + Level 6.6 Shields


You had 6 spell levels left.
You didn't know any spells.
Your spell library contained the following spells:

 Spells                   Type           Power      Damage    Failure   Level
 Freeze                   Ice            0%         1d3       100%        1
 Magic Dart               Conj           0%         1d3       100%        1
 Lesser Beckoning         Tloc           0%         N/A       100%        2
 Frozen Ramparts          Ice            0%         1d1       100%        3
 Gell's Gravitas          Tloc           0%         N/A       100%        3
 Hailstorm                Conj/Ice       0%         3d3       100%        3
 Mephitic Cloud           Conj/Pois/Air  0%         N/A       100%        3
 Teleport Other           Tloc           0%         N/A       100%        3
 Volatile Blastmotes      Fire/Tloc      0%         2d10      100%        3
 Fulminant Prism          Conj/Hex       0%         3d5       100%        4
 Iskenderun's Mystic Bla  Conj/Tloc      0%         2d3       100%        4
 Lee's Rapid Deconstruct  Erth           0%         3d4*      100%        5
 Call Imp                 Summ           Unusable   N/A       N/A         2

Dungeon Overview and Level Annotations

Branches:
Dungeon (5/15)
 Temple: D:4-7

Altars:
Ashenzari
Okawaru
Uskayaw
Wu Jian
Yredelemnul

Shops:
D:3 [   D:4 *


Innate Abilities, Weirdness & Mutations

You have a pair of horns on your head.
You reflexively headbutt those who attack you in melee.


Message History

You hit the hound.
The hound is severely wounded.
The hound bites you but does no damage. The hound bites you.
You hit the hound.
The hound is severely wounded.
You block the hound's attack. The hound bites you but does no damage.
You closely miss the hound. You headbutt the hound.
You kill the hound!
Okawaru accepts your kill.
HP restored.
You hear a distant slurping noise.
r - a wand of acid (9)
A jelly comes into view.
The jelly quivers.
A jelly is nearby!
A jelly is nearby!
The jelly hits you. The acid corrodes you!
You are splashed with acid!
You hit the jelly but do no damage. The acid corrodes you!
Your hands burn!
Your headbutt misses the jelly. The jelly hits you.
You are splashed with acid.
You hit the jelly but do no damage.
Your hands burn!
The jelly hits you.
You are splashed with acid!
You barely miss the jelly. You headbutt the jelly.
The jelly is lightly wounded.
The jelly barely misses you. You block the jelly's attack.
You hit the jelly.
Your hands burn!
The jelly is moderately wounded.
The jelly hits you.
You are splashed with acid!
* * * LOW HITPOINT WARNING * * *
You hit the jelly.
Your hands burn!
* * * LOW HITPOINT WARNING * * *
Your headbutt misses the jelly.
The jelly is moderately wounded.
You block the jelly's attack.
You hit the jelly. The acid corrodes you!
Your hands burn!
* * * LOW HITPOINT WARNING * * *
The jelly is heavily wounded.
The jelly hits you.
* * * LOW HITPOINT WARNING * * *
The acid corrodes you!
You are splashed with acid.
You die...

#.# ##.# #..#
#.## #.#
#.####
#....##
#.#.J.###
#.#.@...#
#...8..#.....
#.....## .###
#..8..# #
#......
#..8..#
#.....#
###.8..


You could see a jelly.

Vanquished Creatures
  Sigmund (D:4)
  A scorpion (D:3)
  A hound (D:5)
  A sleepcap (D:4)
  2 iguanas (D:3)
  Natasha (thrice) (D:3)
  Robin (D:3)
  8 gnolls (D:4)
  8 adders
  A worm (D:2)
  A dart slug (D:4)
  2 orcs (D:3)
  2 endoplasms
  A giant cockroach (D:4)
  13 goblins
  10 hobgoblins
  6 jackals
  4 quokkas
  5 ball pythons
  4 bats
  4 frilled lizards
  8 kobolds
  5 rats
92 creatures vanquished.

Notes
Turn   | Place    | Note
-------+----------+-------------------------------------------
     0 | D:1      | Peloso the Minotaur Fighter began the quest for the Orb.
     0 | D:1      | Reached XP level 1. HP: 19/19 MP: 0/0
   107 | D:1      | Reached skill level 4 in Shields
   145 | D:1      | Reached XP level 2. HP: 27/27 MP: 1/1
   667 | D:2      | Reached XP level 3. HP: 33/33 MP: 2/2
  1166 | D:2      | Reached XP level 4. HP: 40/40 MP: 3/3
  1327 | D:3      | Found Witaz's Armour Emporium.
  1466 | D:3      | Noticed a scorpion
  1467 | D:3      | Noticed Robin
  1477 | D:3      | Reached skill level 1 in Dodging
  1480 | D:3      | Killed a scorpion
  1481 | D:3      | Reached skill level 5 in Shields
  1481 | D:3      | Reached XP level 5. HP: 11/46 MP: 4/4
  1629 | D:3      | Killed Robin
  1871 | D:3      | Noticed Natasha
  1892 | D:3      | Killed Natasha
  1971 | D:3      | Noticed Natasha
  2068 | D:3      | Killed Natasha
  2069 | D:3      | Reached XP level 6. HP: 53/53 MP: 5/5
  2105 | D:3      | Noticed Natasha
  2113 | D:3      | Killed Natasha
  2297 | D:4      | Reached skill level 6 in Shields
  2307 | D:4      | Noticed Sigmund
  2382 | D:4      | Killed Sigmund
  2383 | D:4      | Reached skill level 5 in Long Blades
  2383 | D:4      | Reached skill level 5 in Armour
  2596 | D:4      | Found Bibbader's Assorted Antiques.
  2604 | D:4      | Bought a scroll labelled FIGUN FERI for 23 gold pieces
  2623 | D:4      | Found a basalt altar of Yredelemnul.
  2636 | D:4      | Reached XP level 7. HP: 46/60 MP: 6/6
  2867 | D:4      | Found an ornate altar of the Wu Jian Council.
  3103 | D:4      | Noticed a +0 spear
  3103 | D:4      | Noticed a +0 dagger
  3103 | D:4      | Noticed a +0 short sword
  3104 | D:4      | Noticed a +0 short sword
  3106 | D:4      | Noticed a +0 falchion
  3106 | D:4      | Noticed a +0 spear
  3106 | D:4      | Noticed a +0 falchion
  3106 | D:4      | Noticed a +0 dagger
  3123 | D:4      | Found a hide-covered altar of Uskayaw.
  3250 | D:4      | Found an iron altar of Okawaru.
  3265 | D:4      | Became a worshipper of Warmaster Okawaru
  3305 | D:4      | Found a broken altar of Ashenzari.
  3478 | D:5      | Entered Level 5 of the Dungeon
  3669 | D:5      | Splashed by a jelly's acid

Illustrated notes

Levels and vault maps discovered:
D:1:      amcnicky_arrival_underground_garden, layout_basic
D:2:      layout_loops_ring
D:3:      layout_basic, serial_shops, shop, minmay_cut_off, uniq_robin,
          uniq_natasha
D:4:      layout_basic, mainiacjoe_overflow_catwalk, nicolae_uskayaw_en_pointe,
          nzn_wu_jian_council_hall, mainiacjoe_overflow_big_doors, serial_shops,
          shop, uniq_sigmund
D:5:      layout_loops_ring, zin_statuary, nicolae_sif_muna_little_library,
          minmay_temple_entry_enclosed_plants, minivault_23

Skill      XL: |  1  2  3  4  5  6 |
---------------+-------------------+-----
Shields        | 4 5 6 |  6.6
Fighting       | 4 |  4.9
Armour         | 4 5 |  5.4
Long Blades    | 3 4 5 |  5.9
Dodging        | 1 |  1.1

Action                     |  1- 3 |  4- 6 |  7- 9 || total
---------------------------+-------+-------+-------++-------
  Melee: Long sword        |    69 |   130 |    56 ||   255
         Headbutt          |    12 |    27 |    12 ||    51
    Use: Scroll            |     2 |     3 |     3 ||     8
         Potion            |     1 |       |       ||     1
 Armour: Scale mail        |    23 |       |       ||    23
         Chain mail        |    13 |    24 |       ||    37
         Plate armour      |       |    76 |    24 ||   100
  Dodge: Dodged            |    37 |    64 |    10 ||   111
  Block: Buckler           |    22 |    54 |    14 ||    90
